[Event "Israel-ch Disabled 2024"]
[Site "Haifa"]
[Date "2024.05.23"]
[Round "1.1"]
[White "Oliel, Yehonatan"]
[Black "Gruenfeld, Yehuda"]
[Result "0-1"]
[ECO "B23"]
[WhiteElo "1736"]
[BlackElo "2405"]
[Annotator "TA"]
[PlyCount "62"]
[EventDate "2024.05.20"]
[EventType "swiss"]
[EventCountry "ISR"]
[SourceTitle "playchess.com"]
[Source "ChessBase"]
[SourceQuality "1"]
[TimeControl "1200+10"]

1. e4 c5 2. Nc3 e6 3. f4 Nc6 4. Nf3 d6 5. Bb5 Bd7 6. O-O Be7 7. Qe1 Nd4 8. Bd3 Qb6 9. Kh1 {[%emt 0:01:34] White has an edge.} Nf6 10. Nxd4 cxd4 11. Ne2 Bc6 12. Ng3 {[%emt 0:00:35] [#]} (12. Ng1 $11) 12... Bb5 {[%emt 0:00:28] Black is more active.} (12... h5 $1 $17 {[%cal Rh5h4] Threatens to win with ...h4.} 13. Kg1 a5) 13. Bxb5+ $11 Qxb5 14. d3 Rc8 15. Qf2 (15. Ne2 $14) 15... Qc5 (15... h5 $15 {should be considered.}) 16. Bd2 h5 (16... O-O $11) 17. c3 (17. h3 $14) 17... dxc3 18. Qxc5 dxc5 19. Bxc3 h4 20. Ne2 h3 21. g3 c4 22. Bxf6 Bxf6 23. d4 O-O 24. Nc3 $2 {[%emt 0:00:16][%mdl 8192] [#] Loses the game.} (24. g4 $11 {and White has nothing to worry.}) 24... Bxd4 $19 25. Rad1 (25. Rac1 {was necessary.}) 25... Rfd8 26. g4 Bxc3 27. bxc3 Rd3 28. Rb1 b6 29. Rbc1 Rcd8 30. a4 Re3 31. e5 Rd2 {[%emt 0:00:05] Weighted Error Value: White=0.50/Black=0.31.  Loses game:     	White=1     	---        Mistake:       	White=4     	Black=3      Inaccurate:     	White=3     	Black=5      OK:         	White=9     	Black=7      Best:        	White=1     	Black=1} 0-1

[Event "Israel-ch Disabled 2024"]
[Site "Haifa"]
[Date "2024.05.23"]
[Round "1.2"]
[White "Gurbanov, Andrei"]
[Black "Vardy, Afik"]
[Result "1-0"]
[ECO "D36"]
[WhiteElo "2296"]
[BlackElo "1702"]
[Annotator "RC"]
[PlyCount "79"]
[EventDate "2024.05.20"]
[EventType "swiss"]
[EventCountry "ISR"]
[SourceTitle "playchess.com"]
[Source "ChessBase"]
[SourceQuality "1"]
[TimeControl "1200+10"]

1. d4 d5 2. c4 c6 3. Nf3 e6 4. cxd5 exd5 5. Nc3 Nf6 6. Bg5 Be7 7. Qc2 Bg4 8. Ne5 Bh5 9. f4 Bg6 10. f5 Bh5 11. e3 Ne4 12. Bxe7 Qxe7 13. Nxe4 dxe4 14. g4 f6 15. gxh5 fxe5 16. O-O-O Qh4 17. dxe5 Rf8 18. Qc4 Nd7 19. Qe6+ Qe7 20. Rxd7 Qxe6 21. fxe6 Rf5 22. Rxb7 Rxe5 23. Rxg7 O-O-O 24. Bc4 Rxh5 25. e7 Re8 26. Rf1 Rh6 27. Rf4 Kd7 28. Rxe4 Rxh2 29. Rd4+ Kc8 30. Be6+ Kc7 31. Rd7+ Kb6 32. Rd8 Rh1+ 33. Kc2 Rxe7 34. Rxe7 Kc5 35. Rxa7 Rh2+ 36. Rd2 Rh6 37. Rb7 Rh4 38. a3 Rd4 39. Rxd4 h5 40. b4# 1-0

[Event "Israel-ch Disabled 2024"]
[Site "Haifa"]
[Date "2024.05.23"]
[Round "1.3"]
[White "Zilberman, Yaacov"]
[Black "Volodarsky, Michael"]
[Result "1-0"]
[ECO "D35"]
[WhiteElo "2299"]
[BlackElo "1648"]
[Annotator "RC"]
[PlyCount "63"]
[EventDate "2024.05.20"]
[EventType "swiss"]
[EventCountry "ISR"]
[SourceTitle "playchess.com"]
[Source "ChessBase"]
[SourceQuality "1"]
[TimeControl "1200+10"]

1. d4 d5 2. c4 e6 3. Nc3 Nf6 4. cxd5 exd5 5. Bg5 Be7 6. e3 h6 7. Bh4 O-O 8. Bd3 Be6 9. Nf3 Nbd7 10. O-O c5 11. dxc5 Nxc5 12. Bc2 Rc8 13. Nd4 Bg4 14. Qd2 Nce4 15. Nxe4 Nxe4 16. Bxe4 dxe4 17. Bxe7 Qxe7 18. Rac1 Rxc1 19. Rxc1 Rd8 20. Qa5 Rd6 21. Qxa7 Ra6 22. Qb8+ Kh7 23. a3 Qh4 24. Qxb7 Rf6 25. Qxe4+ g6 26. f3 h5 27. h3 Qg5 28. hxg4 hxg4 29. fxg4 Qh4 30. Nf3 Qg3 31. g5 Re6 32. Qf4 1-0

[Event "Israel-ch Disabled 2024"]
[Site "Haifa"]
[Date "2024.05.23"]
[Round "1.5"]
[White "Rozhanski, Yosef"]
[Black "Dayan, Itay"]
[Result "1-0"]
[ECO "D77"]
[WhiteElo "2127"]
[BlackElo "1568"]
[Annotator "RC"]
[PlyCount "62"]
[EventDate "2024.05.20"]
[EventType "swiss"]
[EventCountry "ISR"]
[SourceTitle "playchess.com"]
[Source "ChessBase"]
[SourceQuality "1"]
[TimeControl "1200+10"]

1. d4 Nf6 2. Nf3 g6 3. g3 Bg7 4. Bg2 O-O 5. O-O d5 6. c4 dxc4 7. Na3 Be6 8. Ne5 Nc6 9. Nxc6 bxc6 10. Bxc6 Bh3 11. Re1 Rb8 12. Nxc4 Rb4 13. b3 Ng4 14. Bb2 Qb8 15. Bc3 Rd8 16. e3 e5 17. Bxb4 exd4 18. e4 d3 19. Qd2 Bd4 20. Rf1 Nxf2 21. Rxf2 Bxa1 22. Bc3 Bxc3 23. Qxc3 Be6 24. Qd2 Bxc4 25. bxc4 Qb1+ 26. Kg2 Rd4 27. Qf4 f5 28. Qe5 d2 29. Bd5+ Kf8 30. Qf6+ Ke8 31. Bc6+ Rd7 1-0

[Event "Israel-ch Disabled 2024"]
[Site "Haifa"]
[Date "2024.05.23"]
[Round "2.1"]
[White "Gruenfeld, Yehuda"]
[Black "Akman, Adi"]
[Result "1-0"]
[ECO "C63"]
[WhiteElo "2405"]
[BlackElo "2025"]
[Annotator "TA"]
[PlyCount "70"]
[EventDate "2024.05.20"]
[EventType "swiss"]
[EventCountry "ISR"]
[SourceTitle "playchess.com"]
[Source "ChessBase"]
[SourceQuality "1"]
[TimeControl "1200+10"]

1. e4 e5 2. Nf3 Nc6 3. Bb5 f5 4. Nc3 fxe4 5. Nxe4 d5 6. Nxe5 dxe4 7. Nxc6 Qg5 8. Qe2 Nf6 9. Ne5+ c6 10. f4 Qxf4 11. d4 Qh4+ 12. g3 Qh3 13. Bc4 Be6 14. Bf4 O-O-O 15. O-O-O Bd6 $1 16. Kb1 Rde8 {[%emt 0:00:34] The position is equal.} 17. Rhf1 Rhf8 18. a3 Bxc4 (18... Nd5 $11 {remains equal.}) 19. Qxc4 (19. Nxc4 $16 Bxf4 20. Rxf4) 19... Qe6 $11 20. Qa4 (20. Qxe6+ {simplifies} Rxe6 21. Nc4 Be7 22. Be5) 20... Kb8 21. Rfe1 Nd5 (21... Bc7 $11) 22. Rxe4 $16 Nxf4 $4 {[%emt 0:00:14][%mdl 8192] [#]} (22... Bc7 $16 23. Rde1 Qc8) 23. gxf4 $2 (23. Nxc6+ bxc6 24. Rxe6 Nxe6 25. Qxc6) 23... Qh3 $2 (23... Qd5 {is more resistant.} 24. Rde1 Rd8) 24. d5 (24. Nxc6+ $142 bxc6 25. Qxc6 Rxe4 26. Qxd6+ Kb7 27. Qd5+ (27. Qxf8 Qd7 $18) 27... Kb8 28. Qxe4) 24... Bxe5 $18 25. fxe5 Rf1 26. Rxf1 Qxf1+ {[%emt 0:00:01][%mdl 4096] Endgame. KQR-KQR} 27. Ka2 {[%emt 0:00:01] Strongly threatening d6.} Qf5 28. Qd4 Rd8 $2 {[%emt 0:00:29][%mdl 8192] A mistake that costs the game.} (28... cxd5 $16 29. Qxd5 Qe6) 29. d6 {[%emt 0:00:15] [#] aiming for e6.} Qe6+ 30. b3 Rd7 (30... h6 $142 31. a4 Rg8) 31. Rf4 {[%emt 0:00:10] Threatening mate with Rf8+.} b6 32. Qe4 Kb7 33. Qf5 ({Not} 33. Qxh7 Qxe5 34. Rg4 b5 $16) 33... Qe8 34. e6 ({Less strong is} 34. Qxh7 Qxe5 35. Rg4 b5 $16) 34... Rxd6 35. Qf7+ (35. Qxh7 Qxe6 36. Qxg7+ Rd7 $16) 35... Kc8 {[%emt 0:00:00] Weighted Error Value: White=0.85/Black=1.16.  Loses game:     	---       	Black=2      Mistake:       	White=3     	Black=4      Inaccurate:     	White=2     	Black=4      OK:         	White=1     	Black=2      Best:        	White=2     	Black=3      Strong:       	---       	Black=1} 1-0

[Event "Israel-ch Disabled 2024"]
[Site "Haifa"]
[Date "2024.05.23"]
[Round "2.2"]
[White "Shabtai, Ran"]
[Black "Gurbanov, Andrei"]
[Result "1-0"]
[ECO "C54"]
[WhiteElo "2046"]
[BlackElo "2296"]
[Annotator "RC"]
[PlyCount "77"]
[EventDate "2024.05.20"]
[EventType "swiss"]
[EventCountry "ISR"]
[SourceTitle "playchess.com"]
[Source "ChessBase"]
[SourceQuality "1"]
[TimeControl "1200+10"]

1. e4 e5 2. Nf3 Nc6 3. Bc4 Bc5 4. c3 Nf6 5. d3 d6 6. a4 a6 7. b4 Bb6 8. Bg5 h6 9. Bh4 Be6 10. Nbd2 Qd7 11. a5 Ba7 12. b5 Ne7 13. bxa6 bxa6 14. O-O g5 15. Bg3 h5 16. Bxe6 fxe6 17. h4 gxh4 18. Bxh4 Ng4 19. d4 Ng6 20. Bg3 Qb5 21. Rb1 Qc6 22. Qb3 Kd7 23. d5 Qc5 24. dxe6+ Ke7 25. Nh4 Rag8 26. Nf5+ Kf6 27. Nf3 h4 28. N3xh4 Nxh4 29. Nxh4 Rg5 30. Qd1 Qxc3 31. Rb3 Qc4 32. Qf3+ Kxe6 33. Rc3 Qd4 34. Rxc7 Nf6 35. Nf5 Qxe4 36. Re7+ Kd5 37. Qb3+ Qc4 38. Rd1+ Bd4 39. Ne3+ 1-0

[Event "Israel-ch Disabled 2024"]
[Site "Haifa"]
[Date "2024.05.23"]
[Round "2.3"]
[White "Streltsov, Alexey"]
[Black "Shevchuk, Evgeny"]
[Result "1-0"]
[ECO "D00"]
[WhiteElo "2292"]
[BlackElo "1924"]
[Annotator "RC"]
[PlyCount "51"]
[EventDate "2024.05.20"]
[EventType "swiss"]
[EventCountry "ISR"]
[SourceTitle "playchess.com"]
[Source "ChessBase"]
[SourceQuality "1"]
[TimeControl "1200+10"]

1. d4 d5 2. Bf4 Nf6 3. e3 e6 4. Nc3 a6 5. g4 Bd6 6. g5 Nfd7 7. Bxd6 cxd6 8. Qg4 Nc6 9. Qg3 Qc7 10. O-O-O b5 11. Kb1 Bb7 12. h4 Ne7 13. Bd3 O-O-O 14. a3 Nb6 15. Nge2 Nc4 16. h5 e5 17. Bxc4 dxc4 18. d5 f5 19. gxf6 gxf6 20. e4 Rhg8 21. Qf3 Qd7 22. Qxf6 Rdf8 23. Qh6 Rf7 24. f4 Rfg7 25. f5 Rf7 26. f6 1-0

[Event "Israel-ch Disabled 2024"]
[Site "Haifa"]
[Date "2024.05.23"]
[Round "2.4"]
[White "Aleksandrova, Aleksandra"]
[Black "Zilberman, Yaacov"]
[Result "0-1"]
[ECO "D00"]
[WhiteElo "1870"]
[BlackElo "2299"]
[Annotator "RC"]
[PlyCount "76"]
[EventDate "2024.05.20"]
[EventType "swiss"]
[EventCountry "ISR"]
[SourceTitle "playchess.com"]
[Source "ChessBase"]
[SourceQuality "1"]
[TimeControl "1200+10"]

1. d4 Nf6 2. Nd2 d5 3. e3 e6 4. Bd3 c5 5. c3 Nc6 6. f4 Qc7 7. g3 Be7 8. Ngf3 O-O 9. Ne5 b6 10. Qf3 a5 11. a4 Ba6 12. Bxa6 Rxa6 13. g4 Bd6 14. g5 Nd7 15. Qg4 Ne7 16. h4 Nf5 17. Nf1 f6 18. Qe2 Ra7 19. e4 dxe4 20. Nxd7 Qxd7 21. Qxe4 cxd4 22. cxd4 Nxd4 23. Be3 Nf5 24. Bxb6 Bb4+ 25. Kf2 Rb7 26. Be3 Nxe3 27. Nxe3 Bc5 28. Rhd1 Rxb2+ 29. Kg3 Qf7 30. Rab1 Rxb1 31. Rxb1 fxg5 32. hxg5 Bd6 33. Ng2 Qf5 34. Qxf5 Rxf5 35. Rb6 Rxg5+ 36. Kf3 Rd5 37. Ne3 Rd3 38. Ke4 Rxe3+ 0-1

[Event "Israel-ch Disabled 2024"]
[Site "Haifa"]
[Date "2024.05.23"]
[Round "3.2"]
[White "Rozhanski, Yosef"]
[Black "Streltsov, Alexey"]
[Result "0-1"]
[ECO "D03"]
[WhiteElo "2127"]
[BlackElo "2292"]
[Annotator "RC"]
[PlyCount "152"]
[EventDate "2024.05.20"]
[EventType "swiss"]
[EventCountry "ISR"]
[SourceTitle "playchess.com"]
[Source "ChessBase"]
[SourceQuality "1"]
[TimeControl "1200+10"]

1. d4 d5 2. Nf3 Nf6 3. Bg5 Ne4 4. Bf4 c5 5. c3 Qb6 6. Qc1 Bf5 7. e3 e6 8. Nbd2 Bd6 9. Nxe4 Bxe4 10. Bxd6 Qxd6 11. Nd2 Bg6 12. Bb5+ Nc6 13. O-O O-O 14. Re1 Rfc8 15. Nb3 c4 16. Bxc6 Qxc6 17. Nd2 Bd3 18. f3 f5 19. f4 b5 20. Nf3 Qb7 21. Ne5 Be4 22. Qd2 a5 23. a3 Rab8 24. Ra2 b4 25. axb4 axb4 26. Rea1 Ra8 27. cxb4 Rxa2 28. Rxa2 Ra8 29. Rxa8+ Qxa8 30. Kf2 Qa4 31. Kg3 h6 32. h4 Kh7 33. Kh2 Qa1 34. Kg3 Qa4 35. Kh2 Qe8 36. Nf3 Qh5 37. Qf2 Qf7 38. Qe1 Bxf3 39. gxf3 Qa7 40. Kg2 Qa4 41. Qd2 Kg6 42. Kh3 Kf6 43. Qg2 Qxb4 44. h5 Qf8 45. Qg6+ Ke7 46. Kg2 Qf7 47. Qh7 Kf8 48. Qh8+ Qg8 49. Qxg8+ Kxg8 50. Kh3 Kf7 51. Kg3 Kf6 52. Kh3 Ke7 53. Kg2 Kd6 54. Kf2 Kc6 55. Ke2 Kb5 56. Kd2 Ka4 57. e4 Kb3 58. Kc1 c3 59. Kb1 Kc4 60. bxc3 Kxc3 61. exd5 exd5 62. Kc1 Kxd4 63. Kd2 Kc4 64. Kc2 d4 65. Kd2 d3 66. Kd1 Kd5 67. Kc1 g6 68. hxg6 Ke6 69. Kd2 Kf6 70. Kxd3 Kxg6 71. Ke3 Kf6 72. Kf2 Ke6 73. Kg3 Kd5 74. Kh4 Kd4 75. Kh5 Ke3 76. Kxh6 Kxf3 0-1

[Event "Israel-ch Disabled 2024"]
[Site "Haifa"]
[Date "2024.05.23"]
[Round "3.3"]
[White "Zilberman, Yaacov"]
[Black "Shabtai, Ran"]
[Result "1/2-1/2"]
[ECO "D21"]
[WhiteElo "2299"]
[BlackElo "2046"]
[Annotator "RC"]
[PlyCount "136"]
[EventDate "2024.05.20"]
[EventType "swiss"]
[EventCountry "ISR"]
[SourceTitle "playchess.com"]
[Source "ChessBase"]
[SourceQuality "1"]
[TimeControl "1200+10"]

1. d4 d5 2. c4 dxc4 3. Nf3 a6 4. a4 Nc6 5. e3 Bg4 6. Bxc4 e6 7. O-O Nf6 8. Be2 Bd6 9. b3 O-O 10. Bb2 Qe7 11. Nbd2 e5 12. dxe5 Nxe5 13. Nxe5 Bxe2 14. Qxe2 Bxe5 15. Bxe5 Qxe5 16. Nc4 Qe6 17. Rfd1 Rad8 18. h3 Rxd1+ 19. Rxd1 b5 20. axb5 axb5 21. Na5 Qb6 22. b4 c5 23. Nb3 cxb4 24. Rd4 Qe6 25. Rxb4 Nd5 26. Nd4 Qe4 27. Rb3 b4 28. Qf3 Qxf3 29. Nxf3 Rb8 30. Nd4 g6 31. g4 Rc8 32. Kg2 Rc4 33. Kf3 Nc3 34. Rb2 Kf8 35. Rc2 Ke7 36. Rd2 h6 37. Nb3 Nb5 38. Rd5 Rc3 39. Rxb5 Rxb3 40. h4 Kf6 41. Kf4 Rb1 42. Rb6+ Kg7 43. f3 b3 44. e4 Rh1 45. Kg3 Rg1+ 46. Kf2 Rh1 47. Kg3 Rg1+ 48. Kh2 Rb1 49. g5 hxg5 50. hxg5 Rb2+ 51. Kg3 Rb1 52. Kf4 Rb2 53. Ke5 Rc2 54. Rxb3 Rc5+ 55. Kf4 Rc7 56. Rd3 Rb7 57. Rd6 Rc7 58. Kg3 Rc1 59. Rd7 Rg1+ 60. Kf4 Rg2 61. e5 Re2 62. Re7 Kf8 63. Ra7 Re1 64. Ra6 Rb1 65. e6 Rb5 66. exf7 Kxf7 67. Ra7+ Kf8 68. Kg4 Rb4+ 1/2-1/2

[Event "Israel-ch Disabled 2024"]
[Site "Haifa"]
[Date "2024.05.23"]
[Round "3.4"]
[White "Gurbanov, Andrei"]
[Black "Pivnik, Mark"]
[Result "1-0"]
[ECO "A80"]
[WhiteElo "2296"]
[BlackElo "1779"]
[Annotator "ChessBase"]
[PlyCount "35"]
[EventDate "2024.05.20"]
[EventType "swiss"]
[EventCountry "ISR"]
[SourceTitle "playchess.com"]
[Source "ChessBase"]
[SourceQuality "1"]
[TimeControl "1200+10"]

1. d4 f5 2. Nc3 Nf6 3. Bf4 d5 4. e3 e6 5. h3 c5 6. Nb5 Na6 7. Nf3 c4 8. c3 Qb6 9. a4 Bd7 10. b3 Bxb5 11. axb5 Qxb5 12. bxc4 Qb2 13. Qc1 Qxc1+ 14. Rxc1 Nb8 15. Rb1 b6 16. c5 Nfd7 17. Bb5 bxc5 18. Bxb8 1-0

[Event "Israel-ch Disabled 2024"]
[Site "Haifa"]
[Date "2024.05.23"]
[Round "3.5"]
[White "Akman, Adi"]
[Black "Oliel, Yehonatan"]
[Result "1-0"]
[ECO "B02"]
[WhiteElo "2025"]
[BlackElo "1736"]
[Annotator "NA RC"]
[PlyCount "51"]
[EventDate "2024.05.20"]
[EventType "swiss"]
[EventCountry "ISR"]
[SourceTitle "playchess.com"]
[Source "ChessBase"]
[SourceQuality "1"]
[TimeControl "1200+10"]

1. e4 Nf6 2. Nc3 d5 3. exd5 Nxd5 4. Bc4 Be6 5. Bb3 g6 6. Nf3 Nxc3 7. bxc3 Qd7 8. O-O Bg7 9. Bxe6 Qxe6 10. Re1 Qd6 11. a4 Nc6 12. Ba3 Qd7 13. d4 O-O 14. d5 Na5 15. Rxe7 Qd8 16. Re1 Bxc3 17. Bxf8 Qxf8 18. Qd3 Bxa1 19. Rxa1 Rd8 20. c4 Qc5 21. Nd2 c6 22. Re1 cxd5 23. Re5 Nxc4 24. Qc3 Rc8 25. Ne4 d4 26. Rxc5 1-0

[Event "Israel-ch Disabled 2024"]
[Site "Haifa"]
[Date "2024.05.23"]
[Round "4.1"]
[White "Gruenfeld, Yehuda"]
[Black "Streltsov, Alexey"]
[Result "1/2-1/2"]
[ECO "B15"]
[WhiteElo "2405"]
[BlackElo "2292"]
[Annotator "TA"]
[PlyCount "97"]
[EventDate "2024.05.20"]
[EventType "swiss"]
[EventCountry "ISR"]
[SourceTitle "playchess.com"]
[Source "ChessBase"]
[SourceQuality "1"]
[TimeControl "1200+10"]

1. e4 c6 2. d4 d5 3. Nc3 dxe4 4. Nxe4 Nf6 5. Nxf6+ exf6 6. c3 Bd6 7. Bd3 Na6 {[%emt 0:00:01] B15: Caro-Kann: 3 Nc3: 3...g6 and 3...dxe4 4 Nxe4 Nf6 5 Nxf6+ exf6.} 8. Ne2 $1 {[%emt 0:00:07] 8.Ne2 scores better than 8.Qc2.} Nc7 9. O-O O-O 10. Bf4 Re8 11. Qd2 Nd5 12. Bxd6 Qxd6 13. c4 Ne7 14. Ng3 $146 ({Predecessor:} 14. h3 Bf5 15. Rad1 Rad8 16. b3 g6 17. Rfe1 h5 18. Bxf5 Nxf5 19. d5 cxd5 20. cxd5 {½-½ Chavez,F (2142)-Krysa,L (2525) American Continental 16th 2022 (2)}) 14... Ng6 15. Rfe1 Be6 16. Bf1 Rad8 17. Rad1 b6 18. b3 f5 19. Qc2 f4 20. Ne4 Qd7 21. Ng5 Bf5 22. Qd2 Rxe1 23. Rxe1 f6 (23... Qxd4 $2 24. Re8+ Rxe8 25. Qxd4 $18) 24. Nf3 Bg4 25. Qc3 Bxf3 26. Qxf3 Qxd4 27. Qxc6 Ne5 28. Qe6+ Kh8 29. h3 Qd2 (29... Qd7 {simplifies} 30. Qxd7 Rxd7 31. Be2 Kg8) 30. Re4 h6 31. Qf5 f3 32. gxf3 Qxa2 33. Re3 Qa1 34. f4 (34. Kg2 $5 Rd1 35. Qc8+ Kh7 36. Bd3+ (36. Qf5+ $2 Ng6 $19) 36... Ng6 (36... Nxd3 37. Qf5+ Kg8 38. Rxd3 $11) (36... Rxd3 37. Rxd3 Nxd3 38. Qf5+ Kh8 39. Qxd3 $11) 37. Bxg6+ Kxg6 38. Qg4+ Kf7 39. Qe6+ (39. Qh5+ $2 g6 $19) 39... Kg6 40. Qg4+ Kf7 41. Qe6+ (41. Qh5+ $2 g6 $19) 41... Kg6 42. Qe8+ Kh7 43. Qe4+ Kh8 44. Qe8+ Kh7 45. Qe4+ Kh8 46. Qe8+ Kh7 $11) 34... Rd1 35. fxe5 Rxf1+ 36. Kg2 Rg1+ 37. Kf3 Qd1+ 38. Ke4 $1 (38. Kf4 $2 Rg2 39. Qc8+ Kh7 40. exf6 (40. Qf5+ $2 g6 $19) 40... Rxf2+ 41. Ke4 Rxf6 $19 (41... gxf6 42. Qb7+ Kh8 43. Qb8+ Kh7 44. Qxa7+ Kh8 45. Qxb6 $14)) 38... Qc2+ 39. Rd3 Rg5 40. Qc8+ Kh7 41. exf6 Qe2+ (41... Rd5 42. Kxd5 Qxd3+ 43. Kc6 Qf3+ 44. Kc7 Qxf6 45. Kb7 $11) (41... Qxf2 $5 42. Rf3 $8 Qe1+ 43. Re3 Qh1+ 44. Rf3 Qb1+ (44... gxf6 45. Qd7+ Kh8 46. Qd8+ Kh7 47. Qd7+ Kg6 48. Qe8+ Kh7 49. Qf7+ Rg7 50. Qxf6 $11) 45. Rd3 Qh1+ (45... gxf6 46. Qd7+ Kg8 47. Qe8+ Kg7 48. Qd7+ Kh8 49. Qd8+ Kg7 50. Qe7+ Kg6 51. Qe8+ Kg7 52. Qe7+ Kg6 53. Qe8+ Kg7 $11) 46. Rf3 Qe1+ (46... gxf6 47. Qd7+ Rg7 48. Qf5+ Kg8 49. Qxf6 $11) 47. Re3 Qf1 48. fxg7 Qb1+ (48... Qh1+ 49. Kd4 $11) 49. Kf4 Qf1+ (49... Kxg7 50. Re7+ Kg6 51. Qe8+ Kf6 52. Qf7#) 50. Rf3 Qc1+ 51. Re3 Qf1+ 52. Rf3 Qc1+ 53. Re3 Qf1+ $11) 42. Re3 Qc2+ 43. Rd3 Qe2+ (43... Rd5 44. Kxd5 Qxd3+ 45. Kc6 Qf3+ 46. Kc7 Qxf6 47. Kb8 $11) 44. Re3 Qxf2 45. fxg7 Qg2+ 46. Kd3 Qf1+ ({Much weaker is} 46... Rxg7 $6 47. Qf5+ Qg6 48. Qxg6+ Rxg6 49. b4 $18) 47. Ke4 Qg2+ 48. Kd3 Qf1+ ({But not} 48... Rxg7 $6 49. Qf5+ Qg6 50. Qxg6+ Rxg6 51. b4 $18) 49. Ke4 1/2-1/2

[Event "Israel-ch Disabled 2024"]
[Site "Haifa"]
[Date "2024.05.23"]
[Round "4.2"]
[White "Gurbanov, Andrei"]
[Black "Zilberman, Yaacov"]
[Result "0-1"]
[ECO "A56"]
[WhiteElo "2296"]
[BlackElo "2299"]
[Annotator "RC"]
[PlyCount "100"]
[EventDate "2024.05.20"]
[EventType "swiss"]
[EventCountry "ISR"]
[SourceTitle "playchess.com"]
[Source "ChessBase"]
[SourceQuality "1"]
[TimeControl "1200+10"]

1. d4 Nf6 2. c4 c5 3. d5 e5 4. Nc3 d6 5. g3 Be7 6. Bg2 O-O 7. Nf3 Nbd7 8. O-O a6 9. a4 Rb8 10. Qc2 Ne8 11. e4 g6 12. Bh6 Ng7 13. Qd2 Nf6 14. h3 Kh8 15. Nh2 b6 16. f4 Ng8 17. Bxg7+ Kxg7 18. fxe5 dxe5 19. Rad1 Bd6 20. Rde1 Bd7 21. Kh1 b5 22. axb5 axb5 23. Nxb5 Bxb5 24. cxb5 Rxb5 25. Rf2 Rb4 26. Ng4 f6 27. Ref1 Qe7 28. h4 h5 29. Ne3 Rfb8 30. Rc1 Nh6 31. Nc4 Qd7 32. Rxf6 Rxc4 33. Rxg6+ Kxg6 34. Rxc4 Kh7 35. Rc3 Rg8 36. Ra3 Rg7 37. Ra6 Rxg3 38. Qf2 Rg6 39. b4 Ng4 40. Qf5 Qe7 41. Qxh5+ Kg7 42. bxc5 Nf2+ 43. Kh2 Ng4+ 44. Kh1 Nf2+ 45. Kh2 Qf6 46. Ra7+ Be7 47. Qf3 Qxh4+ 48. Kg1 Nh3+ 49. Kf1 Rf6 50. Rxe7+ Kf8 0-1

[Event "Israel-ch Disabled 2024"]
[Site "Haifa"]
[Date "2024.05.23"]
[Round "4.4"]
[White "Shevchuk, Evgeny"]
[Black "Rozhanski, Yosef"]
[Result "0-1"]
[ECO "E11"]
[WhiteElo "1924"]
[BlackElo "2127"]
[Annotator "RC"]
[PlyCount "132"]
[EventDate "2024.05.20"]
[EventType "swiss"]
[EventCountry "ISR"]
[SourceTitle "playchess.com"]
[Source "ChessBase"]
[SourceQuality "1"]
[TimeControl "1200+10"]

1. d4 Nf6 2. Nf3 e6 3. c4 Bb4+ 4. Bd2 Qe7 5. Nc3 Nc6 6. a3 Bxc3 7. Bxc3 d6 8. Qc2 e5 9. dxe5 Nxe5 10. Nxe5 dxe5 11. e4 O-O 12. Be2 c5 13. O-O Nd7 14. Bg4 Nb8 15. Bxc8 Rxc8 16. f4 exf4 17. Rxf4 Nc6 18. Qf2 Rf8 19. Qg3 f6 20. Re1 Ne5 21. Bxe5 Qxe5 22. Qf2 b6 23. Rf5 Qe6 24. Rd5 Rae8 25. b3 Rf7 26. Qf4 Rfe7 27. e5 fxe5 28. Qe4 Qf6 29. Rf1 Qg5 30. Rf5 Qc1+ 31. Kf2 Qxa3 32. Qe3 e4 33. Rd2 Qa6 34. Rfd5 Qb7 35. Rd6 Rf7+ 36. Kg1 Qe7 37. R2d5 Qf8 38. h3 Rf1+ 39. Kh2 Qf4+ 40. Qxf4 Rxf4 41. Kg3 e3 42. Kxf4 e2 43. Rd1 exd1=Q 44. Rxd1 Kf7 45. Rd3 Re7 46. Kf5 g6+ 47. Kf4 h6 48. g4 Ke6 49. g5 Rf7+ 50. Kg4 h5+ 51. Kg3 Rf5 52. h4 Re5 53. Kf4 Re1 54. Kg3 Ke5 55. Kf3 Rh1 56. Kg3 Rg1+ 57. Kf3 Rg4 58. Rd7 Rxh4 59. Kg3 Rg4+ 60. Kf3 Rxg5 61. Rxa7 Rf5+ 62. Kg3 g5 63. Rb7 Rf6 64. Re7+ Re6 65. Rh7 Kf5 66. Rf7+ Kg6 0-1

[Event "Israel-ch Disabled 2024"]
[Site "Haifa"]
[Date "2024.05.23"]
[Round "4.5"]
[White "Aleksandrova, Aleksandra"]
[Black "Akman, Adi"]
[Result "0-1"]
[ECO "B07"]
[WhiteElo "1870"]
[BlackElo "2025"]
[Annotator "NA RC"]
[PlyCount "64"]
[EventDate "2024.05.20"]
[EventType "swiss"]
[EventCountry "ISR"]
[SourceTitle "playchess.com"]
[Source "ChessBase"]
[SourceQuality "1"]
[TimeControl "1200+10"]

1. d4 Nf6 2. Nd2 d6 3. e4 g6 4. c3 Bg7 5. f4 O-O 6. Be2 Nbd7 7. g4 e5 8. g5 Ne8 9. Ndf3 exf4 10. h4 Qe7 11. Bd3 f5 12. Qb3+ Kh8 13. h5 gxh5 14. Rxh5 fxe4 15. Bc2 exf3+ 16. Kf1 Ndf6 17. gxf6 Nxf6 18. Rh1 Be6 19. c4 b5 20. Qxb5 Rab8 21. Qa4 d5 22. c5 Ne4 23. Rh2 Bd7 24. c6 Rb4 25. Qa3 Bxc6 26. Nxf3 Ng3+ 27. Kg2 Qe2+ 28. Kh3 Bd7+ 29. Kh4 Qe7+ 30. Ng5 h6 31. Bxf4 Rxf4+ 32. Kxg3 Qxg5# 0-1

[Event "Israel-ch Disabled 2024"]
[Site "Haifa"]
[Date "2024.05.23"]
[Round "5.1"]
[White "Zilberman, Yaacov"]
[Black "Gruenfeld, Yehuda"]
[Result "0-1"]
[ECO "D32"]
[WhiteElo "2299"]
[BlackElo "2405"]
[Annotator "TA"]
[PlyCount "70"]
[EventDate "2024.05.20"]
[EventType "swiss"]
[EventCountry "ISR"]
[SourceTitle "playchess.com"]
[Source "ChessBase"]
[SourceQuality "1"]
[TimeControl "1200+10"]

1. d4 Nf6 2. Nf3 e6 3. c4 c5 4. e3 d5 5. Nc3 a6 6. cxd5 exd5 7. Be2 Bd6 8. O-O O-O 9. dxc5 Bxc5 10. b3 Nc6 11. Bb2 Bg4 12. Rc1 Qd6 13. h3 Bh5 14. Na4 Ba3 {[%emt 0:00:03] The position is equal.} 15. Bxa3 (15. Qc2 {keeps more tension.} Ne4 16. Nd2 Bxb2 17. Nxe4 Qe5 18. Ng5) 15... Qxa3 16. Nd4 Nxd4 17. Bxh5 Ne6 18. Bf3 Rad8 19. Qc2 b5 20. Qb2 {[%emt 0:01:16] [#]} (20. Nc5 $11 {remains equal.}) 20... Qe7 $1 $17 21. Nc3 d4 22. exd4 (22. Ne2 $142) 22... Nxd4 23. Bd1 Qe5 24. Kh1 Rfe8 {[%emt 0:01:44] Black is much more active.} 25. Bc2 $2 (25. b4 $17 {keeps fighting.}) 25... Kh8 {[%emt 0:06:06] ...Ne2 would now be deadly.} 26. Bb1 h6 $2 (26... b4 $19 27. Nd1 Nb5 28. Qxe5 Rxe5) 27. b4 $11 Qf4 {[%emt 0:01:05] ...Nh5 is the strong threat.} 28. Rcd1 Nc6 29. a3 Rxd1 30. Rxd1 Ne5 $40 {[%emt 0:00:01][%cal Oe5g4][%mdl 128] aiming for ...Neg4! Black is up to no good.} 31. Ba2 $2 {[%emt 0:00:13][%mdl 8192] [#]} (31. Kg1 $11) 31... Neg4 $1 {[%emt 0:01:11][%mdl 512] Black is clearly winning.} 32. hxg4 Nxg4 33. g3 Nxf2+ 34. Kg2 Nxd1 35. Nxd1 Qe4+ {[%emt 0:00:01] Weighted Error Value: White=0.74/Black=0.29 (precise) .  Loses game:     	White=2     	---        Missed win:     	---       	Black=1      Mistake:       	White=2     	---        Inaccurate:     	White=2     	Black=2      OK:         	White=7     	Black=7      Best:        	White=1     	Black=2      Strong:       	---       	Black=1} 0-1